 Dungeon Crawl Stone Soup version 0.25-a0-547-g27a0b5d (webtiles) character file.

Game seed: 12604939828087985982, levelgen mode: deterministic

12776 b5mith the Warrior (level 11, -3/186 (187) HPs)
             Began as a Minotaur Berserker on Feb 22, 2020.
             Was an Elder of Trog.
             Slain by a spiny frog (13 damage)
             ... on level 1 of the Lair of Beasts.
             The game lasted 00:28:56 (8387 turns).

b5mith the Warrior (Minotaur Berserker)             Turns: 8387, Time: 00:28:57

HP:   -3/186 (187)  AC: 17    Str: 27    XL:     11   Next: 66%
MP:   10/10         EV:  8    Int:  4    God:    Trog [****..]
Gold: 252           SH:  0    Dex: 13    Spells: 10/10 levels left

rFire    . . .     SeeInvis .   P - +4 scimitar (flame)
rCold    . . .     Gourm    .   (no shield)
rNeg     . . .     Faith    .   I - +0 plate armour
rPois    +         Spirit   .   u - +2 hat
rElec    .         Reflect  .   n - +2 cloak {MR+}
rCorr    .         Harm     .   (no gloves)
MR       ++...                  a - +0 pair of boots
Stlth    ..........             A - amulet of regeneration
HPRegen  0.81/turn              G - ring of poison resistance
MPRegen  0.12/turn              i - ring of protection from magic

@: berserking, very quick
A: retaliatory headbutt, horns 2
a: Berserk, Trog's Hand, Brothers in Arms, Renounce Religion


You were on level 1 of the Lair of Beasts.
You worshipped Trog.
Trog was greatly pleased with you.
You were near starving.

You visited 2 branches of the dungeon, and saw 10 of its levels.

You collected 532 gold pieces.
You spent 280 gold pieces at shops.

Inventory:

Hand Weapons
 k - a +3 whip
   (You took it off an orc on level 2 of the Dungeon)
 p - a +3 quarterstaff of chaos
   (You took it off Crazy Yiuf on level 2 of the Dungeon)
 y - a +4 mace of draining
   (You took it off Blork the orc on level 4 of the Dungeon)
 z - a +3 scythe of flaming
   (You took it off Sigmund on level 4 of the Dungeon)
 J - a +5 halberd
   (Trog gifted it to you on level 7 of the Dungeon)
 N - a +3 short sword of flaming
   (Trog gifted it to you on level 9 of the Dungeon)
 P - a +4 scimitar of flaming (weapon)
   (You took it off Erica on level 9 of the Dungeon)
Missiles
 L - 4 throwing nets (quivered)
Armour
 a - a +0 pair of boots (worn)
   (You found it on level 5 of the Dungeon)
 n - a +2 cloak of magic resistance (worn)
   (You took it off Crazy Yiuf on level 2 of the Dungeon)
 u - a +2 hat (worn)
   (You found it on level 3 of the Dungeon)
 I - a +0 plate armour (worn)
   (You took it off an orc warrior on level 7 of the Dungeon)
Jewellery
 i - a ring of protection from magic (right hand)
   (You found it on level 2 of the Dungeon)
 v - an uncursed ring of stealth
   (You found it on level 2 of the Dungeon)
 A - an amulet of regeneration (around neck)
   (You found it on level 6 of the Dungeon)
 G - a ring of poison resistance (left hand)
   (You bought it in a shop on level 6 of the Dungeon)
 K - an uncursed ring of fire
   (You found it on level 7 of the Dungeon)
Wands
 j - a wand of polymorph (7)
   (You took it off Maurice on level 8 of the Dungeon)
 l - a wand of flame (18)
   (You took it off Natasha on level 2 of the Dungeon)
 r - a wand of acid (3)
   (You found it on level 8 of the Dungeon)
 s - a wand of random effects (45)
   (You took it off Sigmund on level 4 of the Dungeon)
 F - a wand of iceblast (13)
   (You found it on level 7 of the Dungeon)
 O - a wand of enslavement (4)
   (You took it off Erica on level 9 of the Dungeon)
 Q - a wand of disintegration (14)
   (You found it on level 1 of the Lair of Beasts)
Scrolls
 d - 2 scrolls of enchant weapon {unknown}
 f - 3 scrolls of teleportation {unknown}
 g - 5 scrolls of fear
 h - 3 scrolls of remove curse {@r2}
 q - 5 scrolls of identify {@r1}
 t - a scroll of immolation {unknown}
 x - a scroll of enchant armour
 C - a scroll of fog {unknown}
 D - 2 scrolls of noise {unknown}
 R - 2 scrolls of magic mapping {unknown}
Potions
 b - 3 potions of curing {unknown}
 e - 2 potions of brilliance
 m - 3 potions of heal wounds
 o - 2 potions of berserk rage
 w - a potion of flight
 B - 3 potions of haste
 E - a potion of might {unknown}
 H - a potion of mutation {unknown}
Comestibles
 c - 12 rations


   Skills:
 + Level 20.3 Fighting
 - Level 3.6 Maces & Flails
 - Level 2.4 Armour
 - Level 2.1 Dodging


You had 10 spell levels left.
You didn't know any spells.
Your spell library was empty.

Dungeon Overview and Level Annotations

Branches:
Dungeon (9/15)             Temple (0/1) D:4            Lair (1/6) D:9
    Orc: D:9-12

Altars:
Kikubaaqudgha
Makhleb
Nemelex Xobeh
Qazlal
Trog
Xom
Zin

Shops:
D:6 *


Innate Abilities, Weirdness & Mutations

You reflexively headbutt those who attack you in melee.
You have a pair of horns on your head.


Message History

You headbutt the spiny frog, but do no damage.
You hit the spiny frog. You burn the spiny frog. You headbutt the spiny frog!
The spiny frog is severely wounded.
The spiny frog stings you.
The spiny frog stings you but does no damage.
The spiny frog stings you!
* * * LOW HITPOINT WARNING * * *
You are too injured to fight recklessly!
You are too injured to fight recklessly!
You are too injured to fight recklessly!
You are too injured to fight recklessly!
You are too injured to fight recklessly!
You hit the spiny frog. You burn the spiny frog.
The spiny frog is almost dead.
The spiny frog stings you but does no damage.
The spiny frog barely misses you. You furiously retaliate!
You headbutt the spiny frog, but do no damage.
The spiny frog stings you!
* * * LOW HITPOINT WARNING * * *
The spiny frog stings you but does no damage.
Your plate armour prevents you from hitting the spiny frog.
You headbutt the spiny frog, but do no damage.
The spiny frog is almost dead.
The spiny frog stings you.
* * * LOW HITPOINT WARNING * * *
The spiny frog stings you.
* * * LOW HITPOINT WARNING * * *
The spiny frog barely misses you.
You slice the spiny frog!! You burn the spiny frog.
You kill the spiny frog!
Trog accepts your kill. The spiny frog stings you!
* * * LOW HITPOINT WARNING * * *
You slash the spiny frog! You burn the spiny frog!
Your headbutt misses the spiny frog.
The spiny frog is heavily wounded.
The spiny frog stings you!
* * * LOW HITPOINT WARNING * * *
The spiny frog barely misses you. You furiously retaliate!
You headbutt the spiny frog, but do no damage.
You barely miss the spiny frog. You headbutt the spiny frog!
The spiny frog is almost dead.
The spiny frog stings you!
* * * LOW HITPOINT WARNING * * *
The spiny frog stings you but does no damage.
A red film seems to cover your vision as you go berserk!
You feel yourself moving faster!
You feel mighty!
You are near starving!
The spiny frog stings you!
You die...

##....## ##..# ..#
##....########..## ....
##......#........ ....#
##..............
.....#####....÷.÷......
........##..##.#.#####
.......##..######
##.###†..##..#P.##
#....†@F...........
#.##.###...(....#.. #
#.....#....#
#......####.##
.F....### ## ##....
###.# #.


You could see a spiny frog.

Vanquished Creatures
  Harold (D:8)
  A hydra (Lair:1)
  A two-headed ogre (D:8)
  Erica (D:9)
  The ghost of dejaentendu the Carver, a novice DsGl of Yredelemnul (Lair:1)
  The ghost of jonnos the Fighter, a novice MiFi of the Shining One (D:7)
  Joseph (D:8)
  Maurice (D:8)
  3 spiny frogs (Lair:1)
  A komodo dragon (Lair:1)
  3 blink frogs (Lair:1)
  5 hippogriffs
  Sigmund (D:4)
  4 yaks (Lair:1)
  A hungry ghost (D:8)
  A wyvern (D:9)
  5 water moccasins
  5 orc warriors
  2 phantoms
  A hornet zombie (D:7)
  6 ice beasts
  2 black bears (D:6)
  2 necrophages
  A centaur (D:5)
  5 ogres
  3 crocodiles (Lair:1)
  Blork the orc (D:4)
  2 bullfrogs
  A scorpion (D:4)
  A howler monkey (D:8)
  3 crimson imps
  A quasit (D:9)
  A bullfrog zombie (D:5)
  9 orc priests
  6 hounds
  2 jellies
  Crazy Yiuf (D:2)
  A centaur skeleton (D:8)
  12 orc wizards
  An iguana (D:7)
  Natasha (thrice) (D:2)
  4 worker ants
  A killer bee zombie (D:6)
  A hound skeleton (D:5)
  2 killer bee simulacra (D:7)
  10 adders
  2 river rats (D:4)
  A shadow imp (D:7)
  2 white imps (D:7)
  An ooze (D:4)
  An adder skeleton (D:7)
  A worm (D:2)
  A dart slug (D:4)
  An adder simulacrum (D:7)
  5 leopard geckos
  46 orcs
  11 giant cockroaches
  8 goblins
  2 hobgoblins (D:2)
  15 jackals
  5 kobolds
  3 quokkas
  8 bats
  3 frilled lizards
  6 rats
244 creatures vanquished.

Vanquished Creatures (others)
  A human (D:5)
  A plant (Lair:1)
2 creatures vanquished.

Grand Total: 246 creatures vanquished

Notes
Turn   | Place    | Note
-------+----------+-------------------------------------------
     0 | D:1      | b5mith the Minotaur Berserker began the quest for the Orb.
     0 | D:1      | Reached XP level 1. HP: 19/19 MP: 0/0
    81 | D:1      | Reached skill level 4 in Fighting
   143 | D:1      | Reached XP level 2. HP: 28/28 MP: 1/1
   400 | D:1      | You fall into a shaft and drop 1 floor!
   487 | D:2      | Reached skill level 5 in Fighting
   487 | D:2      | Reached XP level 3. HP: 31/36 MP: 2/2
   803 | D:2      | Reached ** piety under Trog
   812 | D:2      | Found a runed translucent door.
   813 | D:2      | Noticed Crazy Yiuf
  1040 | D:2      | Noticed Natasha
  1049 | D:2      | Killed Natasha
  1049 | D:2      | Reached skill level 6 in Fighting
  1049 | D:2      | Reached XP level 4. HP: 38/44 MP: 3/3
  1057 | D:2      | Noticed Natasha
  1065 | D:2      | Killed Natasha
  1105 | D:2      | Found a burning altar of Makhleb.
  1106 | D:2      | Noticed a cacodemon
  1328 | D:2      | Noticed Natasha
  1341 | D:2      | Killed Natasha
  1341 | D:2      | Reached XP level 5. HP: 34/51 MP: 4/4
  1373 | D:2      | Reached skill level 7 in Fighting
  1599 | D:2      | Killed Crazy Yiuf
  1743 | D:3      | Reached skill level 8 in Fighting
  2051 | D:3      | Reached XP level 6. HP: 52/61 MP: 5/5
  2117 | D:3      | Reached *** piety under Trog
  2462 | D:4      | Reached skill level 9 in Fighting
  2552 | D:4      | Reached XP level 7. HP: 55/71 MP: 6/6
  2574 | D:4      | Reached skill level 10 in Fighting
  2608 | D:4      | HP: 3/72 [poisoned by a worker ant]
  3009 | D:4      | Found a sparkling altar of Nemelex Xobeh.
  3023 | D:4      | Found a bloodstained altar of Trog.
  3026 | D:4      | Found a glowing silver altar of Zin.
  3029 | D:4      | Found a stormy altar of Qazlal.
  3059 | D:4      | Found a staircase to the Ecumenical Temple.
  3356 | D:4      | Noticed Sigmund
  3356 | D:4      | Noticed Blork the orc
  3370 | D:4      | Killed Sigmund
  3370 | D:4      | Reached skill level 11 in Fighting
  3372 | D:4      | Killed Blork the orc
  3680 | D:4      | Reached **** piety under Trog
  3680 | D:4      | Reached XP level 8. HP: 76/82 MP: 7/7
  3748 | D:5      | Entered Level 5 of the Dungeon
  3763 | D:5      | Found a shimmering altar of Xom.
  3798 | D:5      | Reached skill level 12 in Fighting
  4120 | D:5      | Found an ancient bone altar of Kikubaaqudgha.
  4234 | D:6      | Reached skill level 13 in Fighting
  4804 | D:6      | Found Plog's Serpentskin Sales.
  4811 | D:6      | Bought an uncursed ring of poison resistance for 280 gold
                  | pieces
  5234 | D:6      | Reached XP level 9. HP: 94/94 MP: 8/8
  5261 | D:7      | Noticed jonnos's ghost (novice MiFi)
  5289 | D:7      | Reached skill level 14 in Fighting
  5538 | D:7      | Reached skill level 15 in Fighting
  5569 | D:7      | Found a runed translucent gate.
  5569 | D:7      | Found a runed translucent gate.
  5576 | D:7      | Found a runed translucent gate.
  5610 | D:7      | Reached ***** piety under Trog
  5610 | D:7      | Received a gift from Trog
  5828 | D:7      | Killed jonnos's ghost
  5828 | D:7      | Reached skill level 16 in Fighting
  6077 | D:8      | Noticed Joseph
  6094 | D:8      | Killed Joseph
  6094 | D:8      | Reached XP level 10. HP: 68/108 MP: 9/9
  6117 | D:8      | Noticed a two-headed ogre
  6126 | D:8      | Killed a two-headed ogre
  6275 | D:8      | Reached skill level 17 in Fighting
  6587 | D:8      | Noticed Maurice
  6598 | D:8      | Killed Maurice
  6706 | D:8      | Noticed Harold
  6727 | D:8      | Killed Harold
  6727 | D:8      | Reached skill level 18 in Fighting
  7062 | D:9      | Received a gift from Trog
  7100 | D:9      | Noticed Erica
  7115 | D:9      | Killed Erica
  7115 | D:9      | Reached XP level 11. HP: 67/120 MP: 10/10
  7376 | D:9      | Found a staircase to the Lair.
  7453 | D:9      | Found a stormy altar of Qazlal.
  7654 | Lair:1   | Entered Level 1 of the Lair of Beasts
  7657 | Lair:1   | Noticed a seven-headed hydra
  7666 | Lair:1   | Reached skill level 19 in Fighting
  7668 | Lair:1   | Killed a five-headed hydra
  7758 | Lair:1   | Got a transparent broad axe
  7759 | Lair:1   | Identified the cursed +0 broad axe of Premature Burial
                  | {vorpal, rN+ Int+4} (You found it on level 1 of the Lair of
                  | Beasts)
  7845 | Lair:1   | Found a runed translucent gate.
  7845 | Lair:1   | Found a runed translucent gate.
  7846 | Lair:1   | Found a runed translucent gate.
  7847 | Lair:1   | Noticed dejaentendu's ghost (novice DsGl)
  7899 | Lair:1   | Killed dejaentendu's ghost
  8053 | Lair:1   | Reached skill level 20 in Fighting
  8386 | Lair:1   | HP: 6/124 [spiny frog (11)]
  8387 | Lair:1   | Slain by a spiny frog

Levels and vault maps discovered:
D:1:      erik_arrival_gehennom, layout_loops_corners, minmay_misc_feat_cross,
          st_stairs_8, minmay_hedge_maze
D:2:      layout_loops_cross, makhleb_altar_promises_db, uniq_natasha,
          uniq_crazy_yiuf_cottage
D:3:      layout_basic
D:4:      layout_cave_pools, kennysheep_mini, grunt_temple_overflow_diamond,
          minmay_temple_entry_proselytizer, gup_sewer_entry_bubbles,
          mrwooster_statue_mirror, uniq_blork_the_orc, uniq_sigmund
D:5:      layout_basic, brannock_xom_greatest_gift, first_ration,
          tgw_kikubaaqudgha
D:6:      layout_rooms, minivault_23, guppyfry_shop_venom
D:7:      layout_cave_pools, gammafunk_ghost_icy
D:8:      layout_loops_ring, grunt_pizzeria, uniq_harold, uniq_joseph,
          uniq_maurice
D:9:      layout_loops_ring, lair_entry_dummy, nicolae_qazlal_eye_of_the_storm,
          uniq_erica
Lair:1:   layout_concentric_octagons, ebering_ghost_rock_garden, st_stairs_11,
          beast_lair_carwin_5, grunt_megastairs_4, serial_bayou_shore_b

Skill      XL: |  1  2  3  4  5  6  7  8  9 10 11 |
---------------+----------------------------------+-----
Fighting       | 4 5 6 8 9 11 13 16 18 20 | 20.3
Maces & Flails | |  3.6
Armour         | |  2.4
Dodging        | |  2.1

Action                   |  1- 3 |  4- 6 |  7- 9 | 10-12 || total
-------------------------+-------+-------+-------+-------++-------
Melee: Mace              |    50 |       |   167 |   154 ||   371
       Headbutt          |     8 |    16 |    55 |    66 ||   145
       Whip              |    17 |   124 |    54 |       ||   195
       Halberd           |       |       |    38 |       ||    38
       Scythe            |       |       |       |    30 ||    30
       Scimitar          |       |       |       |   104 ||   104
Invok: Berserk           |       |       |     3 |     3 ||     6
Evoke: Wand              |       |       |     2 |       ||     2
  Use: Scroll            |       |     1 |     6 |     1 ||     8
       Potion            |       |       |     3 |       ||     3
 Stab: Sleeping          |     3 |     1 |     2 |       ||     6
  Eat: Chunk             |       |     5 |    10 |     6 ||    21
       Ration            |       |       |     2 |     1 ||     3
Armor: Animal skin       |     8 |    29 |    53 |       ||    90
       Plate armour      |       |       |    49 |   240 ||   289
Dodge: Dodged            |    34 |    55 |   155 |   123 ||   367
       Rpst.: Scimitar   |       |       |       |     6 ||     6

Table legend:
 A = Non-vault XP
 B = Vault XP
 C = Vault XP percentage of total XP
 D = Non-vault monster count
 E = Vault monster count
 F = Vault count percentage of total count
                 A         B        C        D         E       F
            +---------+---------+-------+---------+---------+-------
      Total |    9956 |    8296 |  45.5 |     200 |      44 |  18.0
            +---------+---------+-------+---------+---------+-------
        D:1 |      13 |       5 |  27.8 |       8 |       3 |  27.3
        D:2 |     167 |      76 |  31.3 |      25 |       2 |   7.4
        D:3 |     257 |       0 |   0.0 |      30 |       0 |   0.0
        D:4 |     526 |     402 |  43.3 |      25 |      11 |  30.6
        D:5 |     333 |       0 |   0.0 |      12 |       0 |   0.0
        D:6 |     922 |     151 |  14.1 |      20 |       1 |   4.8
        D:7 |    1111 |    1246 |  52.9 |      23 |       9 |  28.1
        D:8 |    2397 |    2042 |  46.0 |      31 |       4 |  11.4
        D:9 |    1315 |     907 |  40.8 |      17 |       1 |   5.6
     Lair:1 |    2915 |    3467 |  54.3 |       9 |      13 |  59.1
            +---------+---------+-------+---------+---------+-------
